 Dungeon Crawl Stone Soup version 0.30-a0-1014-g3371b13838 (webtiles) character file.

Game seed: 5853956399769293005

59 MacCMillion the Slasher (level 3, 0/29 HPs)
             Began as a Demigod Gladiator on Apr 6, 2023.
             Killed from afar by Natasha (4 damage)
             ... with a puff of flame
             ... on level 1 of the Dungeon.
             The game lasted 00:01:50 (1156 turns).

MacCMillion the Slasher (Demigod Gladiator)         Turns: 1156, Time: 00:01:50

Health: 0/29       AC:  4    Str: 15    XL:     3   Next: 54%
Magic:  5/5        EV: 12    Int: 10    God:
Gold:   40         SH:  0    Dex: 19    Spells: 2/2 levels left

rFire   . . .      SeeInvis .    a - +0 long sword
rCold   . . .      Faith    .    (no shield)
rNeg    . . .      Spirit   .    b - +0 leather armour
rPois   .          Reflect  .    c - +0 helmet
rElec   .          Rampage  .    (no cloak)
rCorr   .                        (no gloves)
Will    .....                    (no boots)
Stlth   +                        (no amulet)
HPRegen 0.24/turn                (no ring)
MPRegen 0.09/turn                (no ring)

@: slowed, very slow
A: high MP 1, forlorn, divine attributes
a: no special abilities


You were on level 1 of the Dungeon.
You visited 1 branch of the dungeon, and saw 2 of its levels.

You collected 40 gold pieces.

Inventory:

Hand Weapons
 a - a +0 long sword (weapon)
Missiles
 d - 3 throwing nets (quivered)
 e - a javelin
Armour
 b - a +0 leather armour (worn)
 c - a +0 helmet (worn)
Scrolls
 h - a scroll of fog {unknown}
 i - a scroll of immolation {unknown}
Potions
 f - a potion of degeneration {unknown}
 g - 2 potions of heal wounds {unknown}


   Skills:
 - Level 1.7 Fighting
 + Level 4.3 Long Blades
 - Level 1.7 Throwing
 - Level 2.6 Dodging


You had 2 spell levels left.
You didn't know any spells.
Your spell library contained the following spells:

 Spells                   Type           Power      Damage    Failure   Level
 Gell's Gravitas          Tloc           0%         N/A       80%         3
 Inner Flame              Hex/Fire       0%         N/A       80%         3
 Teleport Other           Tloc           0%         N/A       80%         3
 Yara's Violent Unravell  Hex/Tmut       0%         3d3       100%        5
 Dispersal                Tloc           0%         N/A       100%        6
 Enfeeble                 Hex            0%         N/A       100%        7


Dungeon Overview and Level Annotations

Branches:
Dungeon (2/15)

Annotations:
D:1 Natasha


Innate Abilities, Weirdness & Mutations

You have an increased reservoir of magic. (+10% MP)
You shall have no god before yourself.
Your divine heritage dramatically boosts your attributes as you level up.


Message History

The shadow imp disappears in a puff of smoke!
Your Long Blades skill increases to level 4!
You start waiting.
Done waiting.
You start waiting.
Done waiting.
Level map cleared.
You see here a +0 robe.
Natasha, Servant of Life and Death comes into view.
She is carrying a wand of flame (27).
Natasha hisses angrily.
Natasha casts a spell at you. The magic dart hits you.
Natasha zaps a wand.
The puff of flame misses you.
Natasha stares at you and mumbles some strange words.
You feel yourself slow down. Natasha claws you but does no damage.
You barely miss Natasha. Natasha misses you.
Natasha casts a spell.
You barely miss Natasha. Natasha claws you.
Natasha zaps a wand.
The puff of flame hits you!
You are too injured to fight recklessly!
You are too injured to fight recklessly!
You slash Natasha!
Natasha is severely wounded.
Natasha barely misses you. Natasha claws you!
* * * LOW HITPOINT WARNING * * *
You closely miss Natasha.
Natasha is severely wounded.
Natasha claws you.
* * * LOW HITPOINT WARNING * * *
Unknown command.
You barely miss Natasha.
Natasha is severely wounded.
Natasha claws you but does no damage. Natasha casts a spell at you.
You resist with some effort.
You closely miss Natasha.
Natasha is heavily wounded.
Natasha zaps a wand.
The puff of flame hits you.
You die...

,,,,,,****,*,,,,,,* *,
,,,,,,,,,*,*,,,,,,* #.
,,,**,****,#.,,,,,* #.
,,,**,*###,#.,,,,,*******#######.
,,,,,,,,...'.,,,,,,,,,,,,........
*,***,*###.#.,,,,..#*****#.......
*,,,,,,,.....****#.# #.......
*,,,*,####.#.#####.#####*#.......
*,,,,,..........@h5.....,+......>
*,,,,,*###.#..####.#####*#.......
*,***[* *,##...##.# #######+ ',*
*,* *,*###..#.# ###. *** *,* ***
##...##### ##... * *,* ###..##.#
###.... * *** #..##.####...#.. *
#...........###. *
#.###..####..#..


You could see Natasha and a shadow imp (summoned).

Vanquished Creatures
  Natasha (D:1)
  A worm (D:2)
  A dart slug (D:2)
  6 ball pythons
  3 endoplasms
  A giant cockroach (D:1)
  3 goblins (D:1)
  3 hobgoblins (D:1)
  A quokka (D:1)
  4 bats
  A frilled lizard (D:1)
  3 rats (D:1)
28 creatures vanquished.

Notes
Turn   | Place    | Note
-------+----------+-------------------------------------------
     0 | D:1      | MacCMillion the Demigod Gladiator began the quest for the
                  | Orb.
     0 | D:1      | Reached XP level 1. HP: 17/17 MP: 3/3
    74 | D:1      | Reached skill level 3 in Long Blades
   316 | D:1      | Reached XP level 2. HP: 24/24 MP: 4/4
   883 | D:2      | Noticed Natasha
   887 | D:2      | Reached XP level 3. HP: 29/29 MP: 5/5
   912 | D:1      | Killed Natasha
   913 | D:1      | Reached skill level 4 in Long Blades
  1147 | D:1      | Noticed Natasha
  1156 | D:1      | Killed from afar by Natasha

Illustrated notes

Levels and vault maps discovered:
D:1:      dpeg_arrival_tiny_a, layout_basic, hangedman_decor_slide_cut,
          minmay_strange_pillars, st_stairs_8, minmay_misc_feat_doors,
          minmay_crystal_room
D:2:      layout_loops_cross, corexii_shack, uniq_natasha, uniq_jessica

Skill      XL: |  1  2  3 |
---------------+----------+-----
Long Blades    | 3 4 |  4.3
Fighting       | |  1.7
Throwing       | |  1.7
Dodging        | |  2.6

Action                     || total
---------------------------++-------
  Melee: Long sword        ||    72
         Punch             ||     1
 Armour: Leather armour    ||    31
  Dodge: Dodged            ||    63

Table legend: (Time is in decaauts)
 A = Elapsed time spent in this place.
 B = Non-inter-level travel time spent in this place.
 C = Inter-level travel time spent in this place.
 D = Time resting spent in this place.
 E = Time spent auto-exploring this place.
 F = Levels seen in this place.
 G = Mean time per level.
                   A        B        C        D        E       F      G
               +--------+--------+--------+--------+--------+-----+--------+
         Total |   1176 |   1113 |     63 |    200 |    683 |   2 |  588.0 |
       Dungeon |   1176 |   1113 |     63 |    200 |    683 |   2 |  588.0 |
               +--------+--------+--------+--------+--------+-----+--------+

Top non-repeatable levels by time:
     D:1: 1118 daAuts
     D:2: 58 daAuts
